 Dungeon Crawl Stone Soup version 0.24-a0-521-g122614bf49 (webtiles) character file.

Game seed: 12046883154001631366

2 Mithandil the Conjurer (level 1, -2/10 HPs)
             Began as a Deep Elf Conjurer on July 29, 2019.
             Slain by a hobgoblin
             ... wielding a +0 club
              (5 damage)
             ... on level 2 of the Dungeon.
             The game lasted 00:00:46 (65 turns).

Mithandil the Conjurer (Deep Elf Conjurer)            Turns: 65, Time: 00:00:47

Health: -2/10      AC:  2    Str:  5    XL:     1   Next: 33%
Magic:  5/6        EV: 13    Int: 19    God:
Gold:   31         SH:  0    Dex: 15    Spells: 5/6 levels left

rFire    . . .     SeeInvis .   b - +0 hand axe
rCold    . . .     Gourm    .   (no shield)
rNeg     . . .     Faith    .   a - +0 robe
rPois    .         Spirit   .   (no helmet)
rElec    .         Reflect  .   (no cloak)
rCorr    .         Harm     .   (no gloves)
MR       .....                  (no boots)
Stlth    ++........             (no amulet)
HPRegen  0.03/turn              (no ring)
MPRegen  0.10/turn              (no ring)

@: no status effects
A: no striking features
a: no special abilities


You were on level 2 of the Dungeon.
You were not hungry.

You visited 1 branch of the dungeon, and saw 2 of its levels.

You collected 31 gold pieces.

Inventory:

Hand Weapons
 b - a +0 hand axe (weapon)
Armour
 a - a +0 robe (worn)
Comestibles
 c - 2 rations
 d - a chunk of flesh


   Skills:
 + Level 2.5 Dodging
 + Level 2.4 Stealth
 * Level 3.1 Spellcasting
 * Level 4.4 Conjurations


You had 5 spell levels left.
You knew the following spells:

 Your Spells              Type           Power        Failure   Level  Hunger
a - Magic Dart            Conj           ###.         2%          1    None

Your spell library contained the following spells:

 Spells                   Type           Power        Failure   Level  Hunger
 Searing Ray              Conj           ###...       3%          2    ##.....
 Dazzling Spray           Conj/Hex       ##....       19%         3    ###....
 Iskenderun's Mystic Bla  Conj           ###.....     24%         4    ####...
 Force Lance              Conj/Tloc      ##......     52%         4    ####...
 Fulminant Prism          Conj/Hex       ##........   52%         4    ####...


Dungeon Overview and Level Annotations

Branches:
Dungeon (2/15)

Altars:


Message History

The hobgoblin barely misses you. The adder bites you but does no damage.
The hobgoblin misses you.
You closely miss the hobgoblin.
The hobgoblin is severely wounded.
You barely miss the adder. The adder bites you. x2
The hobgoblin barely misses you.
You hit the hobgoblin.
The hobgoblin is almost dead.
You hit the rat. You hit the adder but do no damage.
The adder bites you but does no damage. The rat bites you.
The hobgoblin barely misses you. The adder barely misses you.
The rat closely misses you.
You hit the hobgoblin but do no damage.
The hobgoblin is almost dead.
You barely miss the adder. You hit the rat but do no damage.
The adder bites you.
* * * LOW HITPOINT WARNING * * *
The hobgoblin hits you with a +0 club.
Ouch! That really hurt!
You die...

# ##### ##.
#####.....
....
.$........
...##.........
#...........=
.##..).......
.......g..#
#...@S#
#...r....#
###..###.#
#$.# # ##.#
... ..# #.?


You could see an adder, a hobgoblin and a rat.

Vanquished Creatures
  A giant cockroach (D:1)
  2 rats (D:1)
3 creatures vanquished.

Notes
Turn   | Place    | Note
-------+----------+-------------------------------------------
     0 | D:1      | Mithandil the Deep Elf Conjurer began the quest for the
                  | Orb.
     0 | D:1      | Reached XP level 1. HP: 10/10 MP: 6/6
    65 | D:2      | Slain by a hobgoblin

Levels and vault maps discovered:
D:1:      wander_arrival_peaceful_grave, layout_basic
D:2:      layout_loops_cross, ashenzari_altar_1, nicolae_gozag_seed_capital,
          lemuel_crystal_altar, chequers_ecumenical_altar_island, first_ration,
          serial_glass, glass_columns_b, glass_columns_a, due_unseen_surprise,
          minmay_strange_pillars, item_on_display_a, minmay_strange_pillars,
          minmay_goblin_outpost

Action                   || total
-------------------------++-------
Melee: Hand axe          ||     6
 Cast: Magic Dart        ||     4
Armor: Robe              ||     2
Dodge: Dodged            ||     8

Table legend:
 A = Non-vault XP
 B = Vault XP
 C = Vault XP percentage of total XP
 D = Non-vault monster count
 E = Vault monster count
 F = Vault count percentage of total count
                 A         B        C        D         E       F
            +---------+---------+-------+---------+---------+-------
      Total |       4 |       0 |   0.0 |       3 |       0 |   0.0
            +---------+---------+-------+---------+---------+-------
        D:1 |       4 |       0 |   0.0 |       3 |       0 |   0.0
            +---------+---------+-------+---------+---------+-------
